 Dungeon Crawl Stone Soup version 0.23-a0-644-gb60d84b (webtiles) character file.

136 EvilAliv3 the Twirler (level 5, -2/41 HPs)
             Began as a Human Gladiator on Jan 1, 2019.
             Slain by an orc priest
             ... wielding a cursed +0 hand axe
              (6 damage)
             ... on level 3 of the Dungeon.
             The game lasted 00:08:14 (2450 turns).

EvilAliv3 the Twirler (Human Gladiator)             Turns: 2450, Time: 00:08:14

Health: -2/41      AC:  5    Str: 15    XL:     5   Next: 43%
Magic:  5/5        EV: 13    Int:  9    God:
Gold:   142        SH:  0    Dex: 14    Spells: 4/4 levels left

rFire    . . .     SeeInvis .   a - +0 quarterstaff
rCold    + . .     Gourm    .   (shield currently unavailable)
rNeg     . . .     Faith    .   b - +0 leather armour
rPois    .         Spirit   .   q - +1 helmet of Inquiry {+Fly rC+}
rElec    .         Reflect  .   (no cloak)
rCorr    .         Harm     .   (no gloves)
MR       .....                  (no boots)
Stlth    +.........             (no amulet)
HPRegen  0.13/turn              (no ring)
MPRegen  0.09/turn              (no ring)

@: no status effects
A: no striking features
a: Evoke Flight


You were on level 3 of the Dungeon.
You were not hungry.

You visited 1 branch of the dungeon, and saw 3 of its levels.

You collected 142 gold pieces.

Inventory:

Hand Weapons
 a - a +0 quarterstaff (weapon)
Missiles
 d - 4 throwing nets (quivered)
 l - 61 stones
Armour
 b - a +0 leather armour (worn)
 c - a +0 helmet
 q - the +1 helmet of Inquiry (worn) {+Fly rC+}
   (You took it off Robin on level 2 of the Dungeon)

   It protects you from cold.
   It lets you fly.
Jewellery
 t - a cursed ring of attention {unknown}
Scrolls
 h - 2 scrolls of teleportation {unknown}
 i - a scroll of fear {unknown}
 j - a scroll of random uselessness {unknown}
 m - 2 scrolls of fog {unknown}
 n - 4 scrolls of identify {unknown}
 r - a scroll of remove curse {unknown}
 s - a scroll of enchant armour {unknown}
Potions
 e - a potion of flight {unknown}
 g - 2 potions of curing {unknown}
 k - a potion of invisibility {unknown}
 o - a potion of brilliance {unknown}
 u - a potion of heal wounds {unknown}
Comestibles
 f - 3 rations
 p - 4 chunks of flesh


   Skills:
 + Level 3.0 Fighting
 * Level 4.5 Staves
 - Level 2.0 Throwing
 + Level 2.1 Armour
 - Level 3.0 Dodging


You had 4 spell levels left.
You didn't know any spells.
Your spell library was empty.

Dungeon Overview and Level Annotations

Branches:
Dungeon (3/15)

Altars:


Message History

Your Armour skill increases to level 2!
The orc priest hits you with a cursed +0 hand axe.
* * * LOW HITPOINT WARNING * * *
Things that are here:
a +0 dagger; a +1 robe of fire resistance You hit the orc priest but do no damage.
The orc priest closely misses you.
You closely miss the orc priest.
The orc priest hits you but does no damage.
You hit the orc priest but do no damage.
The orc priest hits you with a cursed +0 hand axe.
* * * LOW HITPOINT WARNING * * *
You sock the orc priest!
The orc priest is heavily wounded.
The orc priest hits you with a cursed +0 hand axe.
* * * LOW HITPOINT WARNING * * *
You barely miss the orc priest.
The orc priest is heavily wounded.
The orc priest hits you with a cursed +0 hand axe.
You die...

.รท..# #......#
#...##.#.#. ....#
#.)....# #.#.##.#.#.
....# #..##.##
#####.#.##.#.#. ....#
#...#o# #.....#.##.#.#.
##### #.#.#.#
#.....#.##...).
#.#...####.....#.####.#.
#..............#......#.
####..#################.
#.oo@......... #.
############## #. .. ##


You could see an orc priest and an orc.

Vanquished Creatures
  An orc wizard (D:3)
  Robin (D:2)
  3 adders (D:2)
  3 dart slugs
  2 leopard geckos
  8 bats
  A giant cockroach (D:2)
  18 goblins
  7 hobgoblins
  6 jackals (D:1)
  2 frilled lizards
  3 kobolds
  2 rats (D:1)
57 creatures vanquished.

Notes
Turn   | Place    | Note
-------+----------+-------------------------------------------
     0 | D:1      | EvilAliv3 the Human Gladiator began the quest for the Orb.
     0 | D:1      | Reached XP level 1. HP: 16/16 MP: 1/1
   307 | D:1      | Reached XP level 2. HP: 18/22 MP: 2/2
   549 | D:1      | Reached skill level 1 in Armour
   549 | D:1      | Reached XP level 3. HP: 27/28 MP: 3/3
  1408 | D:2      | Reached XP level 4. HP: 27/34 MP: 4/4
  1569 | D:2      | Identified the +1 helmet of Inquiry {+Fly rC+}
  1569 | D:2      | Noticed Robin
  1599 | D:2      | Reached skill level 4 in Staves
  1625 | D:2      | Killed Robin
  2226 | D:2      | Reached XP level 5. HP: 40/40 MP: 5/5
  2450 | D:3      | Slain by an orc priest

Vault maps used:
D:1:      minmay_arrival_up_and_down, minmay_misc_feat_x
D:2:      uniq_robin

Skill      XL: |  1  2  3  4  5 |
---------------+----------------+-----
Armour         | 1 2 |  2.1
Staves         | 4 |  4.5
Fighting       | 3 |  3.0
Throwing       | |  2.0
Dodging        | |  3.0

Action                   |  1- 3 |  4- 6 || total
-------------------------+-------+-------++-------
Melee: Quarterstaff      |    87 |   108 ||   195
  Eat: Chunk             |     1 |     4 ||     5
Armor: Leather armour    |    19 |    32 ||    51
Dodge: Dodged            |    61 |    60 ||   121

Table legend:
 A = Non-vault XP
 B = Vault XP
 C = Vault XP percentage of total XP
 D = Non-vault monster count
 E = Vault monster count
 F = Vault count percentage of total count
                 A         B        C        D         E       F
            +---------+---------+-------+---------+---------+-------
      Total |     160 |      35 |  17.9 |      44 |      13 |  22.8
            +---------+---------+-------+---------+---------+-------
        D:1 |      44 |       0 |   0.0 |      23 |       0 |   0.0
        D:2 |      60 |      35 |  36.8 |      14 |      13 |  48.1
        D:3 |      56 |       0 |   0.0 |       7 |       0 |   0.0
            +---------+---------+-------+---------+---------+-------
